EL
TRENTON THUNDER @ NORTHWEST ARKANSAS NATURALS
09/18/2048
 
TOP OF THE 1ST
Trenton Thunder batting - Pitching for Northwest Arkansas Naturals : RHP Kevin Tumbleson
Pitching: RHP Kevin Tumbleson
Batting: RHB Bryan Westray 0-0: Foul Ball, location: 2F
0-1: Ball
1-1: Ground out 5-3 (Groundball, 56S, EV 65.0 MPH)
Batting: RHB Tim Osborn 0-0: Fly out, F6 (Line Drive, 6, EV 71.2 MPH)
Batting: LHB Jared Zulkowski 0-0: Called Strike
0-1: Foul Ball, location: 2F
0-2: Foul Ball, location: 2F
0-2: Ball
1-2: Foul Ball, location: 2F
1-2: Ball
2-2: Ball
3-2: Fly out, F9 (Flyball, 9D, EV 103.8 MPH)
Top of the 1st over - 0 runs, 0 hits, 0 errors, 0 left on base; Trenton 0 - Northwest Arkansas 0
BOTTOM OF THE 1ST
Northwest Arkansas Naturals batting - Pitching for Trenton Thunder : RHP Aneirin Cadwallader
Pitching: RHP Aneirin Cadwallader
Batting: SHB Ryoji Hiraoka 0-0: Ball
1-0: Ball
2-0: Ball
3-0: Called Strike
3-1: Base on Balls
Batting: RHB Kazuki Arai 0-0: Ball
1-0: Swinging Strike
1-1: Fielders Choice at 2nd, 4-6 (Groundball, 34, EV 106.2 MPH)
Batting: RHB William Lung 0-0: Ball
1-0: Ball
2-0: Swinging Strike
2-1: Foul Ball, location: 2F
2-2: Ball
3-2: Base on Balls
Kazuki Arai to second
Batting: RHB Alex Cid 0-0: Ball
1-0: Ball
2-0: Grounds into double play, 5-4-3 (Groundball, 56, EV 83.1 MPH)
Bottom of the 1st over - 0 runs, 0 hits, 0 errors, 1 left on base; Trenton 0 - Northwest Arkansas 0
TOP OF THE 2ND
Trenton Thunder batting - Pitching for Northwest Arkansas Naturals : RHP Kevin Tumbleson
Batting: RHB Sam Hubbert 0-0: Ball
1-0: Ball
2-0: Foul Ball, location: 2F
2-1: Fly out, F4 (Flyball, 4D, EV 91.2 MPH)
Batting: SHB David Stewart 0-0: Called Strike
0-1: Ball
1-1: Ball
2-1: Called Strike
2-2: Foul Ball, location: 2F
2-2: Strikes out swinging
Batting: SHB Houston Phillips 0-0: Called Strike
0-1: Foul Ball, location: 2F
0-2: Strikes out swinging
Top of the 2nd over - 0 runs, 0 hits, 0 errors, 0 left on base; Trenton 0 - Northwest Arkansas 0
BOTTOM OF THE 2ND
Northwest Arkansas Naturals batting - Pitching for Trenton Thunder : RHP Aneirin Cadwallader
Batting: RHB Edwin Ramos 0-0: Called Strike
0-1: Ball
1-1: Foul Ball, location: 2F
1-2: Ball
2-2: Strikes out swinging
Batting: RHB Andy Urquhart 0-0: Ball
1-0: Called Strike
1-1: Ground out 5-3 (Groundball, 5, EV 91.9 MPH)
Batting: LHB Joe Cozart 0-0: Swinging Strike
0-1: Called Strike
0-2: Ball
1-2: Ball
2-2: Strikes out swinging
Bottom of the 2nd over - 0 runs, 0 hits, 0 errors, 0 left on base; Trenton 0 - Northwest Arkansas 0
TOP OF THE 3RD
Trenton Thunder batting - Pitching for Northwest Arkansas Naturals : RHP Kevin Tumbleson
Batting: RHB Javier Umanzor 0-0: Ball
1-0: Called Strike
1-1: Fly out, F9 (Flyball, 89M, EV 82.5 MPH)
Batting: RHB Phil Reeves 0-0: Ball
1-0: Ball
2-0: Fly out, F7 (Flyball, 7, EV 91.2 MPH)
Batting: RHB Christian Shearer 0-0: Ball
1-0: Ball
2-0: Fly out, F7 (Flyball, 7, EV 78.1 MPH)
Top of the 3rd over - 0 runs, 0 hits, 0 errors, 0 left on base; Trenton 0 - Northwest Arkansas 0
BOTTOM OF THE 3RD
Northwest Arkansas Naturals batting - Pitching for Trenton Thunder : RHP Aneirin Cadwallader
Batting: RHB Eric Erickson 0-0: Ball
1-0: Swinging Strike
1-1: Called Strike
1-2: Ground out 6-3 (Groundball, 6MS, EV 78.1 MPH)
Batting: SHB Danny Ballenger 0-0: Ball
1-0: Foul Ball, location: 2F
1-1: Foul Ball, location: 2F
1-2: Foul Ball, location: 2F
1-2: Ball
2-2: Ball
3-2: Strikes out swinging
Batting: SHB Ryoji Hiraoka 0-0: Called Strike
0-1: Ball
1-1: Ground out 1-3 (Groundball, 15S, EV 67.5 MPH)
Bottom of the 3rd over - 0 runs, 0 hits, 0 errors, 0 left on base; Trenton 0 - Northwest Arkansas 0
TOP OF THE 4TH
Trenton Thunder batting - Pitching for Northwest Arkansas Naturals : RHP Kevin Tumbleson
Batting: RHB Bryan Westray 0-0: Ball
1-0: Ball
2-0: Called Strike
2-1: Ball
3-1: Foul Ball, location: 2F
3-2: Strikes out swinging
Batting: RHB Tim Osborn 0-0: DOUBLE (Line Drive, 78D, EV 105.0 MPH)
Batting: LHB Jared Zulkowski 0-0: Foul Ball, location: 2F
0-1: Ball
1-1: Swinging Strike
1-2: Foul Ball, location: 2F
1-2: Ball
2-2: Ball
3-2: Ground out U3 (Groundball, 3, EV 77.5 MPH)
Tim Osborn to third
Batting: RHB Sam Hubbert 0-0: Called Strike
0-1: Ground out 6-3 (Groundball, 6MS, EV 67.5 MPH)
Top of the 4th over - 0 runs, 1 hit, 0 errors, 1 left on base; Trenton 0 - Northwest Arkansas 0
BOTTOM OF THE 4TH
Northwest Arkansas Naturals batting - Pitching for Trenton Thunder : RHP Aneirin Cadwallader
Batting: RHB Kazuki Arai 0-0: Foul Ball, location: 2F
0-1: Ball
1-1: Ball
2-1: Reached via error on a dropped throw from SS, E3 (Groundball, P, EV 88.8 MPH)
Batting: RHB William Lung 0-0: SINGLE (Groundball, 4D, EV 100.0 MPH)
Kazuki Arai to second
Runner from 2nd tries for 3rd, SAFE, throw by RF made at trailing runner, OUT! 9-6
Batting: RHB Alex Cid 0-0: Fly out, F7 (Flyball, 7S, EV 87.5 MPH)
Batting: RHB Edwin Ramos 0-0: Called Strike
0-1: Called Strike
0-2: Ball
1-2: Foul Ball, location: 2F
1-2: Ball
2-2: Foul Ball, location: 2F
2-2: Foul Ball, location: 2F
2-2: Ball
3-2: Foul Ball, location: 2F
3-2: SINGLE (Groundball, 6D, EV 95.6 MPH)
Kazuki Arai scores
Batting: RHB Andy Urquhart 0-0: Called Strike
0-1: Ball
Edwin Ramos steals 2nd base
1-1: Called Strike
1-2: SINGLE (Groundball, 5D, EV 105.0 MPH)
Edwin Ramos to third
Runner from 3rd tries for Home, SAFE, throw by LF to home
Andy Urquhart to second
Batting: LHB Joe Cozart 0-0: Ground out 4-3 (Groundball, 4, EV 84.4 MPH)
Bottom of the 4th over - 2 runs, 3 hits, 1 error, 1 left on base; Trenton 0 - Northwest Arkansas 2
TOP OF THE 5TH
Trenton Thunder batting - Pitching for Northwest Arkansas Naturals : RHP Kevin Tumbleson
Batting: SHB David Stewart 0-0: Called Strike
0-1: Foul Ball, location: 2F
0-2: Ball
1-2: Ball
2-2: Foul Ball, location: 2F
2-2: Ball
3-2: Fly out, F7 (Flyball, 7D, EV 91.9 MPH)
Batting: SHB Houston Phillips 0-0: Swinging Strike
0-1: Ball
1-1: Called Strike
1-2: Ball
2-2: Ball
3-2: Foul Ball, location: 2F
3-2: TRIPLE (Groundball, 5L, EV 106.2 MPH)
Batting: RHB Javier Umanzor 0-0: Called Strike
0-1: SINGLE (Groundball, 4D, EV 104.4 MPH)
Houston Phillips scores
Batting: RHB Phil Reeves 0-0: Called Strike
0-1: Ground out U3 (Groundball, 3, EV 90.0 MPH)
Javier Umanzor to second
Batting: RHB Christian Shearer 0-0: Called Strike
0-1: Called Strike
0-2: Strikes out swinging
Top of the 5th over - 1 run, 2 hits, 0 errors, 1 left on base; Trenton 1 - Northwest Arkansas 2
BOTTOM OF THE 5TH
Northwest Arkansas Naturals batting - Pitching for Trenton Thunder : RHP Aneirin Cadwallader
Batting: RHB Eric Erickson 0-0: SINGLE (Flyball, 89S, EV 96.2 MPH)
Batting: SHB Danny Ballenger 0-0: Ball
1-0: Ball
2-0: Called Strike
2-1: Foul Ball, location: 2F
2-2: SINGLE (Groundball, 3D, EV 98.1 MPH)
Eric Erickson to second
Runner from 2nd tries for 3rd, SAFE, throw by RF made to third
Batting: SHB Ryoji Hiraoka 0-0: Ball
1-0: Foul Ball, location: 2F
1-1: Ball
2-1: Fielders Choice at 2nd, 4-6 (Groundball, 4, EV 100.6 MPH)
Eric Erickson scores
Batting: RHB Kazuki Arai 0-0: Foul Ball, location: 2F
0-1: Hit by Pitch
Ryoji Hiraoka to second
Batting: RHB William Lung 0-0: Ball
1-0: Foul Ball, location: 2F
1-1: Ball
2-1: Called Strike
2-2: Grounds into double play, 5-4-3 (Groundball, 56, EV 102.5 MPH)
Bottom of the 5th over - 1 run, 2 hits, 0 errors, 1 left on base; Trenton 1 - Northwest Arkansas 3
TOP OF THE 6TH
Trenton Thunder batting - Pitching for Northwest Arkansas Naturals : RHP Kevin Tumbleson
Batting: RHB Bryan Westray 0-0: Ball
1-0: Ball
2-0: Foul Ball, location: 2F
2-1: DOUBLE (Groundball, 3L, EV 110.6 MPH)
Pitching: RHP Justin Potts
Batting: RHB Tim Osborn 0-0: Ball
1-0: Called Strike
1-1: Ball
2-1: Ball
3-1: Base on Balls
Pitching: RHP Mike Tuck
Batting: LHB Jared Zulkowski 0-0: Ball
1-0: Swinging Strike
1-1: Called Strike
1-2: Foul Ball, location: 2F
1-2: Ball
2-2: Foul Ball, location: 2F
2-2: Foul Ball, location: 2F
2-2: SINGLE (Line Drive, 89S, EV 111.9 MPH)
Bryan Westray to third
Tim Osborn to second
Batting: RHB Sam Hubbert 0-0: Ball
1-0: Foul Ball, location: 2F
1-1: Foul Ball, location: 2F
1-2: Foul Ball, location: 2F
1-2: Strikes out swinging
Batting: SHB David Stewart 0-0: Called Strike
0-1: Ball
1-1: Ball
2-1: Foul Ball, location: 2F
2-2: Fly out, F4 (Line Drive, 4M, EV 68.8 MPH)
Batting: SHB Houston Phillips 0-0: Ball
1-0: Ball
2-0: Foul Ball, location: 2F
2-1: Swinging Strike
2-2: Foul Ball, location: 2F
2-2: Foul Ball, location: 2F
2-2: SINGLE (Flyball, 78S, EV 91.2 MPH)
Bryan Westray scores
Tim Osborn to third
Jared Zulkowski to second
Runner from 3rd tries for Home, SAFE, throw by LF to home
Batting: RHB Javier Umanzor 0-0: Ball
1-0: Ball
2-0: DOUBLE (Line Drive, 78D, EV 105.6 MPH)
Jared Zulkowski scores
Houston Phillips to third
Pinch Runner at 2nd Alex Colon:
Batting: RHB Phil Reeves 0-0: Called Strike
0-1: DOUBLE (Groundball, 5L, EV 100.6 MPH)
Houston Phillips scores
Alex Colon scores
Pitching: RHP Brian Straub
Batting: RHB Christian Shearer 0-0: Ball
1-0: Foul Ball, location: 2F
1-1: Swinging Strike
1-2: Ball
2-2: Ground out 6-3 (Groundball, 56, EV 90.6 MPH)
Top of the 6th over - 5 runs, 5 hits, 0 errors, 1 left on base; Trenton 6 - Northwest Arkansas 3
BOTTOM OF THE 6TH
Northwest Arkansas Naturals batting - Pitching for Trenton Thunder : RHP Aneirin Cadwallader
Pitching: RHP Angel Gutierres
Batting: RHB Alex Cid 0-0: Called Strike
0-1: Ball
1-1: Ball
2-1: SINGLE (Groundball, 56D, EV 108.1 MPH)
Batting: RHB Edwin Ramos 0-0: Ball
1-0: Called Strike
1-1: Foul Ball, location: 2F
1-2: Foul Ball, location: 2F
1-2: Ball
2-2: DOUBLE (Line Drive, 89D, EV 90.6 MPH)
Alex Cid to third
Batting: RHB Andy Urquhart 0-0: Ball
1-0: DOUBLE (Groundball, 5L, EV 105.6 MPH)
Alex Cid scores
Edwin Ramos scores
Batting: LHB Joe Cozart 0-0: Ball
1-0: Swinging Strike
1-1: Foul Ball, location: 2F
1-2: Ground out 5-3 (Groundball, 56S, EV 73.1 MPH)
Andy Urquhart to third
Pitching: RHP David Durr
Batting: RHB Eric Erickson 0-0: Foul Ball, location: 2F
0-1: Foul Ball, location: 2F
0-2: Ball
1-2: Ball
2-2: Fly out, F7 (Flyball, 78M, EV 92.5 MPH)
Runner from 3rd tags up, OUT at HOME! 7-2
Bottom of the 6th over - 2 runs, 3 hits, 0 errors, 0 left on base; Trenton 6 - Northwest Arkansas 5
TOP OF THE 7TH
Trenton Thunder batting - Pitching for Northwest Arkansas Naturals : RHP Brian Straub
Batting: RHB Bryan Westray 0-0: Ground out 4-3 (Groundball, 4, EV 97.5 MPH)
Batting: RHB Tim Osborn 0-0: Ball
1-0: Called Strike
1-1: Ball
2-1: Ground out 4-3 (Groundball, 4, EV 82.5 MPH)
Batting: LHB Jared Zulkowski 0-0: Called Strike
0-1: SINGLE (Groundball, 6D, EV 100.0 MPH)
Batting: RHB Sam Hubbert 0-0: Ball
1-0: Ball
2-0: Ball
3-0: Base on Balls
Jared Zulkowski to second
Batting: SHB David Stewart 0-0: Ball
1-0: SINGLE (Line Drive, 7LS, EV 92.5 MPH)
Jared Zulkowski to third
Sam Hubbert to second
Batting: SHB Houston Phillips 0-0: Ball
1-0: Swinging Strike
1-1: Ball
2-1: Swinging Strike
2-2: Foul Ball, location: 2F
2-2: Strikes out swinging
Top of the 7th over - 0 runs, 2 hits, 0 errors, 3 left on base; Trenton 6 - Northwest Arkansas 5
BOTTOM OF THE 7TH
Northwest Arkansas Naturals batting - Pitching for Trenton Thunder : RHP David Durr
Batting: SHB Danny Ballenger 0-0: Ball
1-0: Fly out, F9 (Flyball, 9D, EV 93.1 MPH)
Batting: SHB Ryoji Hiraoka 0-0: Called Strike
0-1: Fly out, F9 (Line Drive, 89M, EV 98.1 MPH)
Batting: RHB Kazuki Arai 0-0: Ball
1-0: Ball
2-0: Called Strike
2-1: Ball
3-1: Swinging Strike
3-2: Strikes out swinging
Bottom of the 7th over - 0 runs, 0 hits, 0 errors, 0 left on base; Trenton 6 - Northwest Arkansas 5
TOP OF THE 8TH
Trenton Thunder batting - Pitching for Northwest Arkansas Naturals : RHP Brian Straub
Pitching: RHP John Barnett
Batting: RHB Alex Colon 0-0: Foul Ball, location: 2F
0-1: Foul Ball, location: 2F
0-2: Fly out, F7 (Flyball, 78D, EV 103.8 MPH)
Batting: RHB Phil Reeves 0-0: Ball
1-0: Foul Ball, location: 2F
1-1: Foul Ball, location: 2F
1-2: Strikes out looking
Batting: RHB Christian Shearer 0-0: Called Strike
0-1: Ground out 5-3 (Groundball, 56, EV 90.0 MPH)
Top of the 8th over - 0 runs, 0 hits, 0 errors, 0 left on base; Trenton 6 - Northwest Arkansas 5
BOTTOM OF THE 8TH
Northwest Arkansas Naturals batting - Pitching for Trenton Thunder : RHP David Durr
Pitching: LHP Jon Moore
Now at 3B: Ben Kidder
Batting: RHB William Lung 0-0: Ball
1-0: Swinging Strike
1-1: Ball
2-1: Ball
3-1: Base on Balls
Batting: RHB Alex Cid 0-0: Grounds into double play, 6-4-3 (Groundball, 56, EV 94.4 MPH)
Batting: RHB Edwin Ramos 0-0: Ball
1-0: Swinging Strike
1-1: Ball
2-1: Ball
3-1: SINGLE (Groundball, 4M, EV 107.5 MPH)
Batting: RHB Andy Urquhart 0-0: Ball
1-0: Ball
2-0: Foul Ball, location: 2F
2-1: Foul Ball, location: 2F
2-2: Fielders Choice at 2nd, 6-4 (Groundball, 6D, EV 90.0 MPH)
Bottom of the 8th over - 0 runs, 1 hit, 0 errors, 1 left on base; Trenton 6 - Northwest Arkansas 5
TOP OF THE 9TH
Trenton Thunder batting - Pitching for Northwest Arkansas Naturals : RHP John Barnett
Pitching: RHP Matthew Orphan
Batting: RHB Bryan Westray 0-0: Ball
1-0: Called Strike
1-1: Called Strike
1-2: Strikes out looking
Batting: RHB Tim Osborn 0-0: Called Strike
0-1: Swinging Strike
0-2: Ball
1-2: SINGLE (Groundball, 4S, EV 100.0 MPH)
Batting: LHB Jared Zulkowski 0-0: Called Strike
0-1: Called Strike
0-2: Fly out, F7 (Flyball, 7, EV 91.2 MPH)
Batting: RHB Sam Hubbert 0-0: Ball
1-0: Ball
2-0: Foul Ball, location: 2F
2-1: Foul Ball, location: 2F
2-2: Foul Ball, location: 2F
2-2: Strikes out swinging
Top of the 9th over - 0 runs, 1 hit, 0 errors, 1 left on base; Trenton 6 - Northwest Arkansas 5
BOTTOM OF THE 9TH
Northwest Arkansas Naturals batting - Pitching for Trenton Thunder : LHP Jon Moore
Pitching: RHP Antonio Castillo
Batting: LHB Joe Cozart 0-0: SINGLE (Line Drive, 3D, EV 100.0 MPH)
Batting: RHB Eric Erickson 0-0: Ball
1-0: Ball
2-0: Ball
3-0: Called Strike
3-1: Sac Bunt to 25 - play at first, batter OUT! 5-4
Joe Cozart to second
Batting: SHB Danny Ballenger 0-0: Called Strike
0-1: Foul Ball, location: 2F
0-2: Foul Ball, location: 2F
0-2: Ball
1-2: Ground out 4-3 (Groundball, 4, EV 92.5 MPH)
Joe Cozart to third
Batting: SHB Ryoji Hiraoka 0-0: Foul Ball, location: 2F
0-1: Swinging Strike
0-2: Foul Ball, location: 2F
0-2: SINGLE (Line Drive, 9LS, EV 104.4 MPH)
Joe Cozart scores
Batting: RHB Kazuki Arai 0-0: Ball
Ryoji Hiraoka is caught stealing 2nd base 2-4
Bottom of the 9th over - 1 run, 2 hits, 0 errors, 0 left on base; Trenton 6 - Northwest Arkansas 6
TOP OF THE 10TH
Trenton Thunder batting - Pitching for Northwest Arkansas Naturals : RHP Matthew Orphan
Batting: SHB David Stewart 0-0: Swinging Strike
0-1: Ball
1-1: Ball
2-1: Foul Ball, location: 2F
2-2: Ball
3-2: Strikes out swinging
Batting: SHB Houston Phillips 0-0: DOUBLE (Line Drive, 9LM, EV 100.0 MPH)
Batting: RHB Alex Colon 0-0: Ball
1-0: Ball
2-0: Ball
3-0: Called Strike
3-1: Base on Balls
Pinch Runner at 2nd Roberto Tena:
Batting: RHB Phil Reeves 0-0: Grounds into double play, 6-4-3 (Groundball, 6D, EV 106.9 MPH)
Top of the 10th over - 0 runs, 1 hit, 0 errors, 1 left on base; Trenton 6 - Northwest Arkansas 6
BOTTOM OF THE 10TH
Northwest Arkansas Naturals batting - Pitching for Trenton Thunder : RHP Antonio Castillo
Now at SS: Roberto Tena
Batting: RHB Kazuki Arai 0-0: Ball
1-0: Called Strike
1-1: Called Strike
1-2: Ground out 4-3 (Groundball, 4MS, EV 85.6 MPH)
Batting: RHB William Lung 0-0: Ball
1-0: DOUBLE (Line Drive, 7LM, EV 96.2 MPH)
Batting: RHB Alex Cid 0-0: Called Strike
0-1: Ball
1-1: Foul Ball, location: 2F
1-2: Fly out, F8 (Flyball, 8RM, EV 78.8 MPH)
Batting: RHB Edwin Ramos 0-0: Ball
1-0: Ball
2-0: Ground out 5-3 (Groundball, 5, EV 87.5 MPH)
Bottom of the 10th over - 0 runs, 1 hit, 0 errors, 1 left on base; Trenton 6 - Northwest Arkansas 6
TOP OF THE 11TH
Trenton Thunder batting - Pitching for Northwest Arkansas Naturals : RHP Matthew Orphan
Batting: RHB Ben Kidder 0-0: SINGLE (Groundball, 6MD, EV 98.8 MPH)
Batting: RHB Bryan Westray 0-0: Fly out, F5 (Popup, 5SF, EV 79.4 MPH)
Pitching: RHP Philip Terrell
Batting: RHB Tim Osborn 0-0: Ball
1-0: TRIPLE (Line Drive, 89XD, EV 103.8 MPH)
Ben Kidder scores
Batting: LHB Jared Zulkowski 0-0: Intentional Walk
Batting: RHB Sam Hubbert 0-0: Ball
1-0: Called Strike
1-1: Foul Ball, location: 2F
1-2: Ball
2-2: DOUBLE (Groundball, 5L, EV 97.5 MPH)
Tim Osborn scores
Jared Zulkowski to third
Batting: SHB David Stewart 0-0: Intentional Walk
Batting: RHB Roberto Tena 0-0: Foul Ball, location: 2F
0-1: Swinging Strike
0-2: SINGLE (Line Drive, 7LS, EV 92.5 MPH)
Jared Zulkowski scores
Sam Hubbert to third
David Stewart to second
Batting: RHB Alex Colon 0-0: Ball
1-0: Swinging Strike
1-1: Ball
2-1: Swinging Strike
2-2: Foul Ball, location: 2F
2-2: Ball
3-2: Grounds into fielders choice 1-2 (Groundball, P, EV 68.8 MPH)
David Stewart to third
Roberto Tena to second
Batting: RHB Phil Reeves 0-0: Swinging Strike
0-1: Ball
1-1: Ball
2-1: Foul Ball, location: 2F
2-2: Ball
3-2: Foul Ball, location: 2F
3-2: Fly out, F8 (Line Drive, 8RM, EV 93.1 MPH)
Top of the 11th over - 3 runs, 4 hits, 0 errors, 3 left on base; Trenton 9 - Northwest Arkansas 6
BOTTOM OF THE 11TH
Northwest Arkansas Naturals batting - Pitching for Trenton Thunder : RHP Antonio Castillo
Batting: RHB Andy Urquhart 0-0: Swinging Strike
0-1: Foul Ball, location: 2F
0-2: Ball
1-2: Strikes out swinging
Batting: LHB Joe Cozart 0-0: Ball
1-0: Ball
2-0: SINGLE (Line Drive, 6D, EV 95.6 MPH)
Batting: RHB Eric Erickson 0-0: Swinging Strike
0-1: Ball
1-1: Fly out, F9 (Flyball, 9S, EV 88.1 MPH)
Batting: SHB Danny Ballenger 0-0: Foul Ball, location: 2F
0-1: Ball
1-1: Called Strike
1-2: Ball
2-2: Ball
3-2: Ground out 6-3 (Groundball, 6, EV 87.5 MPH)
Bottom of the 11th over - 0 runs, 1 hit, 0 errors, 1 left on base; Trenton 9 - Northwest Arkansas 6
Tuesday, March 28th , 2023 - OOTP Baseball 23.10 Build 110